Unix NetHack Version 5.0.0-0 post-release - last build May  3 2026 23:40:34 (9823c992c0763bbd039eca2974112f46eaf799b3,branch:main).

Game began 2026-05-04 12:09:15, ended 2026-05-04 12:42:56.

Japes, lawful female human Valkyrie

  -----
  |....###
  |.).|  #  -----------
  |...|  #  |..........
  -|---  #  |.........|
  ##     ### .........-
  #        #   .......|
  #        #     .....
  #        #      -@-
  #        #######f#'
 -.----            #
 |....|
 |....|
 |..<.|
 |.).)|
 |(...|            .
 ------            .
                   .
                  ---

Japes the Skirmisher        St:18/02 Dx:11 Co:18 In:11 Wi:7 Ch:9  Lawful
Dlvl:5  $:0  HP:0(37) Pw:6(6) AC:6  Xp:3/77 T:1210  Satiated

Latest messages:
 What do you want to use or apply? [bk or ?*]
 You find a hidden door.
 The door opens.
 KABOOM!!  The door was booby-trapped!
 You stagger...
 You feel a bit steadier now.
 This door is locked.
 Unlock it with your key? [ynq] (q)
 You succeed in unlocking the door.
 The door opens.
 The pony kicks!
 The pony bites!
 You hit the pony!
 The pony kicks!
 The pony bites!
 The pony kicks!
 The pony just misses!
 You kill the pony!
 There is a pony corpse here; eat it? [ynq] (n)
 This pony corpse is tough.
 You finish eating the pony corpse.
 The imp hits!
 You hit the imp!
 The imp hits!
 "This time I shall let thee off with a spanking, but let it not happen again."
 You miss the imp.
 The imp hits!
 You miss the imp.
 The imp hits!
 You miss the imp.
 The imp hits!
 The imp casts aspersions on your ancestry.
 You miss the imp.
 The imp hits!
 You miss the imp.
 The imp hits!
 You hit the imp!
 The imp hits!
 You miss the imp.
 The imp hits!
 You kill the imp!
 The straw golem hits!
 The straw golem hits again!
 There is a doorway here.
 You see here an imp corpse.
 The straw golem hits!
 The straw golem hits again!
 You die...
 Do you want your possessions identified? [ynq] (y)
 Do you want to see your attributes? [ynq] (y)

Inventory:
 Weapons  (')')
  m - a +0 dagger (alternate weapon; not wielded)
  a - a +1 spear (weapon in right hand)
 Armor    ('[')
  c - an uncursed +3 small shield (being worn)
 Comestibles  ('%')
  d - an uncursed food ration
  i - 2 uncursed tripe rations
 Tools    ('(')
  b - an uncursed oilskin sack containing 10 items
  k - an uncursed skeleton key

Contents of the oilskin sack:
  44 gold pieces
  a +1 sling
  a blessed +1 shield of reflection
  2 uncursed eggs
  an uncursed spellbook of slow monster
  3 uncursed potions of healing
  a blessed potion of paralysis
  an uncursed skeleton key
  2 uncursed citrine stones
  an uncursed worthless piece of blue glass

Japes the Valkyrie's attributes:

Background:
 You were a Skirmisher, a level 3 human Valkyrie.
 You were lawful, nominally on a mission for Tyr
 who was opposed by Odin (neutral) and Loki (chaotic).
 You were right-handed.
 You were in the Dungeons of Doom, on level 5.
 You entered the dungeon 1210 turns ago.
 There was a full moon in effect when your adventure ended.
 You had 77 experience points, 3 more were needed to attain level 4.

Basics:
 You had 0 out of 37 hit points.
 You had all 6 energy points (spell power).
 Your armor class was 6.
 Your wallet was empty, but
 you had 44 zorkmids stashed away in your pack.
 Autopickup was on for '$' plus thrown.

Final Characteristics:
 Your strength was 18/02 (limit:18/100).
 Your dexterity was 11 (limit:18).
 Your constitution was 18 (limit:18).
 Your intelligence was 11 (limit:18).
 Your wisdom was 7 (limit:18).
 Your charisma was 9 (limit:18).

Final Status:
 You were satiated.
 You were unencumbered.
 You were wielding a spear.
 You had basic skill with spear.

Final Attributes:
 You were devoutly aligned.
 You were cold resistant.
 You were stealthy.
 You were lucky.
 You are dead.

Miscellaneous:
 You didn't encounter any bones levels.
 Total elapsed playing time was 19 minutes and 20 seconds.

Major events:
 Turn
    1: Japes the lawful human Valkyrie entered the dungeon
  958: attained the rank of Skirmisher (level 3)
 1210: killed by a straw golem

You didn't know any spells.

Skills:
 Fighting Skills
   bare handed combat [Unskilled]
   two weapon combat  [Unskilled]
   riding             [Unskilled]
 Weapon Skills
   dagger             [Basic]
   axe                [Unskilled]
   pick-axe           [Unskilled]
   short sword        [Unskilled]
   broadsword         [Unskilled]
   long sword         [Unskilled]
   two-handed sword   [Unskilled]
   saber              [Unskilled]
   hammer             [Unskilled]
   quarterstaff       [Unskilled]
   polearms           [Unskilled]
   spear              [Basic]
   trident            [Unskilled]
   lance              [Unskilled]
   sling              [Unskilled]
 Spellcasting Skills
   attack spells      [Unskilled]
   escape spells      [Unskilled]

Voluntary challenges:
 Character rerolling was not enabled.
 You were an atheist.
 You were illiterate.
 You never genocided any monsters.
 You never polymorphed an object.
 You never changed form.
 You used no wishes.
Achievements:
 You entered a shop.
 You attained the rank of Skirmisher.

 The Dungeons of Doom: levels 1 to 5
    Level 1:
       A grave.
    Level 2:
       A wand shop, a fountain, a sink.
    Level 3:
       Some fountains.
    Level 4:
       A grave.
    Level 5: <- You were here.
       Final resting place for
          you, killed by a straw golem.


Vanquished creatures:
 an imp
  a pony
  a shrieker
 an iguana
 an acid blob
  2 yellow molds
  a green mold
  5 geckos
  2 jackals
  a grid bug
  a bat
  5 lichens
  a kobold zombie
  a newt
24 creatures vanquished.

No species were genocided or became extinct.

Game over:
                       ----------
                      /          \
                     /    REST    \
                    /      IN      \
                   /     PEACE      \
                  /                  \
                  |      Japes       |
                  |      44 Au       |
                  |   killed by a    |
                  |   straw golem    |
                  |                  |
                  |                  |
                  |       2026       |
                 *|     *  *  *      | *
        _________)/\\_//(\/(/\)/\//\/|_)_______

Farvel Japes the Valkyrie...

You died in The Dungeons of Doom on dungeon level 5 with 548 points,
and 44 pieces of gold, after 1210 moves.
You were level 3 with a maximum of 37 hit points when you died.

